 Dungeon Crawl Stone Soup version 0.16-a0-2400-g1eca9a7 (webtiles) character file.

3044 PolkaDot the Summoner (level 9, 0/65 HPs)
             Began as a Vampire Summoner on Nov 18, 2014.
             Was a Believer of Sif Muna.
             Slain by an orc knight
             ... wielding a +0 glaive
              (14 damage)
             ... in a bailey.
             The game lasted 00:46:16 (10505 turns).

PolkaDot the Summoner (Vampire Summoner)           Turns: 10505, Time: 00:46:16

Health: 0/65       AC:  5    Str: 12    XL:     9   Next: 56%
Magic:  3/14       EV: 12    Int: 20    God:    Sif Muna [**....]
Gold:   219        SH:  0    Dex: 14    Spells: 3 memorised, 3 levels left

rFire  + . .     SeeInvis +     o - +9 halberd
rCold  . . .     Clarity  .     a - +0 robe
rNeg   + + .     SustAb   .     (no shield)
rPois  +         Gourm    .     p - +1 helmet
rElec  .         Spirit   .     g - +0 cloak
rCorr  .         Warding  .     (no gloves)
rMut   .         Rnd*Tele +     (no boots)
MR     +....                    h - amulet of rage
Stlth  ++........               d - ring of teleportation
                                k - ring of fire

@: mighty, regenerating slowly, somewhat resistant to hostile enchantments,
unstealthy
A: bottle blood, fangs 3, see invisible, magic resistance 1, unbreathing
a: Bat Form, Channel Energy, Forget Spell, Renounce Religion, Evoke Berserk
Rage, Evoke Teleportation


You were in a bailey.
You worshipped Sif Muna.
Sif Muna was pleased with you.
You were very thirsty.

You visited 2 branches of the dungeon, and saw 9 of its levels.
You also visited: Bailey.

You collected 499 gold pieces.
You spent 280 gold pieces at shops.

Inventory:

Hand weapons
 o - a +9 halberd (weapon)
Armour
 a - a +0 robe (worn)
 g - a +0 cloak (worn)
 p - a +1 helmet (worn)
Jewellery
 d - a ring of teleportation (right hand)
 h - an amulet of rage (around neck)
 k - a ring of fire (left hand)
 s - an uncursed amulet of resist mutation
Magical devices
 j - a wand of fire (1)
 l - a wand of fireball (4)
 m - a wand of disintegration (8)
 r - a wand of draining (7)
 u - a wand of flame (33)
Scrolls
 f - 2 scrolls of enchant armour
Potions
 c - a potion of cancellation
 n - 3 potions of curing
Books
 b - a book of Callings

   Spells                             Type                      Level
   Summon Small Mammal                Summoning                    1
   *Call Imp                          Summoning                    2
   *Call Canine Familiar              Summoning                    3
   Summon Guardian Golem              Hexes/Summoning              4
   Summon Lightning Spire             Summoning/Air                4
   *Summon Ice Beast                  Ice/Summoning                4
 i - a book of Minor Magic

   Spells                             Type                      Level
   Magic Dart                         Conjuration                  1
   Blink                              Translocation                2
   *Call Imp                          Summoning                    2
   Repel Missiles                     Charms/Air                   2
   Slow                               Hexes                        2
   Conjure Flame                      Conjuration/Fire             3
   Mephitic Cloud                     Conjuration/Poison/Air       3


   Skills:
 - Level 4.0 Fighting
 + Level 7.8 Polearms
 - Level 2.1 Dodging
 - Level 3.0 Stealth
 - Level 2.0 Spellcasting
 * Level 8.1 Summonings
 - Level 5.6 Ice Magic
 + Level 1.2 Evocations


You had 3 spell levels left.
You knew the following spells:

 Your Spells              Type           Power        Failure   Level  Hunger
d - Call Canine Familiar  Summ           ####....     1%          3    ###....
i - Summon Ice Beast      Ice/Summ       ##......     12%         4    #####..
s - Call Imp              Summ           ####....     1%          2    ##.....


Dungeon Overview and Level Annotations

Branches:
Dungeon (8/15)             Temple (1/1) D:6
   Lair: D:8-11

Altars:
Ashenzari
Dithmenos
Elyvilon
Fedhas
Gozag
Kikubaaqudgha
Makhleb
Nemelex Xobeh
Okawaru
Qazlal
Ru
Sif Muna
Trog
Vehumet
Xom
Zin

Shops:
D:7 *   D:8 :


Innate Abilities, Weirdness & Mutations

You heal slowly.
You can bottle blood from corpses.
You have razor-sharp teeth.
You have supernaturally acute eyesight.
You can survive without breathing.
You are resistant to hostile enchantments.


Message History

The orc knight hits your ice beast with a halberd!!
Your ice beast dies!
Attack whom?
Press: ? - help, Dir - move target cursor, f/p - orc knight
Aim: an orc knight, wielding a glaive and wearing a scale mail (heavily wounded)
You reach to attack!
You puncture the orc knight!
The orc knight is severely wounded.
The orc knight hits you from afar with a glaive!!
* * * LOW HITPOINT WARNING * * *
Attack whom?
Press: ? - help, Dir - move target cursor, f/p - orc knight
Aim: an orc knight, wielding a glaive and wearing a scale mail (severely wounded)
You reach to attack!
You closely miss the orc knight.
The orc knight is severely wounded.
The orc knight barely misses you.
Your hound pauses to sniff the ground.
The orc knight hits you from afar with a halberd!!
* * * LOW HITPOINT WARNING * * *
The orc knight hits you from afar with a glaive!
You die...

#### ############
...###..........##
....'............#
....'.........o..#
....'.........o.@#
....'........h)..#
....'............#
...###..........##
#### ############


You could see 2 orc knights and a friendly hound.

Vanquished Creatures
  An orc knight (Bailey)
  A hippogriff (D:7)
  2 orc warriors (Bailey)
  3 centaurs
  Sigmund (D:4)
  3 giant frogs
  3 scorpions
  3 crimson imps
  2 orc priests (D:6)
  A quasit (D:5)
  3 hounds
  4 worker ants
  An iguana (D:5)
  An orc wizard (D:7)
  A worker ant zombie (D:5)
  3 adders
  A shadow imp (D:5)
  3 giant geckos
  An ooze (D:1)
  11 orcs
  A bat skeleton (D:6)
  21 goblins
  11 hobgoblins
  6 jackals
  2 quokkas
  A ball python (D:2)
  9 bats
  A giant cockroach (D:8)
  A giant gecko zombie (D:7)
  3 giant newts
  8 kobolds
  A quokka skeleton (D:5)
  A quokka zombie (D:7)
  15 rats
130 creatures vanquished.

Vanquished Creatures (collateral kills)
  An orc knight (Bailey)
  3 hogs (D:7)
  A human (D:7)
  A sky beast (D:5)
  8 orc warriors
  2 ice beasts
  3 ogres
  A centaur (D:6)
  A scorpion (D:7)
  A goliath beetle (D:7)
  Crazy Yiuf (D:7)
  A sheep (D:7)
  A worker ant (D:5)
  A hound skeleton (D:5)
  4 adders
  A giant gecko (D:7)
  31 orcs
  A giant cockroach (D:2)
  3 hobgoblins
  A kobold (D:1)
  A quokka (D:7)
  2 goblins
  3 jackals
73 creatures vanquished.

Vanquished Creatures (others)
  3 wolves (Bailey)
  19 ice beasts
  19 hounds
  11 crimson imps
  An iron imp (Bailey)
  A shadow imp (Bailey)
  6 white imps
  An orc (Bailey)
  A bat (D:2)
  A rat (D:1)
63 creatures vanquished.

Grand Total: 266 creatures vanquished

Notes
Turn   | Place    | Note
--------------------------------------------------------------
     0 | D:1      | PolkaDot, the Vampire Summoner, began the quest for the Orb.
     0 | D:1      | Reached XP level 1. HP: 13/13 MP: 3/3
     6 | D:1      | Noticed a wolf
     6 | D:1      | Noticed a wyvern
     6 | D:1      | Noticed a black mamba
   273 | D:1      | Reached skill level 1 in Fighting
   392 | D:1      | Reached XP level 2. HP: 21/21 MP: 4/4
  1245 | D:1      | Learned a level 2 spell: Call Imp
  1386 | D:2      | Reached XP level 3. HP: 20/28 MP: 6/6
  1958 | D:2      | Found a blossoming altar of Fedhas.
  2119 | D:2      | Learned a level 3 spell: Call Canine Familiar
  2472 | D:3      | Found a burning altar of Makhleb.
  2605 | D:3      | Found a bloodstained altar of Trog.
  2675 | D:3      | Reached XP level 4. HP: 27/35 MP: 1/7
  4041 | D:4      | Reached skill level 1 in Polearms
  4041 | D:4      | Reached XP level 5. HP: 11/42 MP: 5/9
  4352 | D:4      | Noticed Sigmund
  4357 | D:4      | Killed Sigmund
  4490 | D:4      | Reached XP level 6. HP: 32/48 MP: 10/10
  4625 | D:4      | Learned a level 4 spell: Summon Ice Beast
  4649 | D:5      | Entered Level 5 of the Dungeon
  4948 | D:5      | Found an opulent altar of Gozag.
  5527 | D:5      | Reached skill level 5 in Polearms
  5584 | D:5      | Reached XP level 7. HP: 15/54 MP: 12/12
  6089 | D:5      | Reached skill level 6 in Polearms
  6722 | D:6      | Found a staircase to the Ecumenical Temple.
  6732 | Temple   | Entered the Ecumenical Temple
  6848 | Temple   | Became a worshipper of Sif Muna the Loreminder
  6967 | D:6      | Reached skill level 1 in Ice Magic
  7155 | D:6      | Reached XP level 8. HP: 24/60 MP: 13/13
  7773 | D:7      | Found a white marble altar of Elyvilon.
  7779 | D:7      | Reached skill level 5 in Summonings
  7795 | D:7      | Found Zin's Purification Station.
  7800 | D:7      | Acquired Sif Muna's first power
  7801 | D:7      | Found a sparkling altar of Nemelex Xobeh.
  8078 | D:7      | Found a glowing silver altar of Zin.
  8110 | D:7      | Found a stormy altar of Qazlal.
  8163 | D:7      | Reached skill level 7 in Polearms
  9044 | D:7      | Noticed Crazy Yiuf
  9055 | D:7      | Killed Crazy Yiuf
  9273 | D:8      | Found Olosmuts' Book Emporium.
  9278 | D:8      | Bought a book of Minor Magic for 280 gold pieces
  9300 | D:8      | Acquired Sif Muna's second power
  9300 | D:8      | Reached XP level 9. HP: 58/65 MP: 14/14
  9350 | D:8      | Found a flagged portal.
  9478 | Bailey   | Entered a bailey
  9730 | Bailey   | Reached skill level 5 in Ice Magic
  9981 | Bailey   | Noticed an orc knight
  9993 | Bailey   | Gained mutation: You are resistant to hostile enchantments. [potion of beneficial mutation]
 10053 | Bailey   | Killed an orc knight
 10209 | Bailey   | Noticed an orc knight
 10209 | Bailey   | Noticed an orc knight
 10226 | Bailey   | Noticed an orc knight
 10273 | Bailey   | Noticed an orc knight
 10312 | Bailey   | Killed an orc knight
 10312 | Bailey   | Reached skill level 8 in Summonings
 10312 | Bailey   | Reached skill level 1 in Evocations
 10505 | Bailey   | Slain by an orc knight

Action                   |  1- 3 |  4- 6 |  7- 9 || total
-------------------------+-------+-------+-------++-------
Melee: Unarmed           |    30 |       |       ||    30
       Short sword       |   134 |    73 |       ||   207
       Trident           |       |   153 |   208 ||   361
       Halberd           |       |       |    30 ||    30
 Cast: Summon Small Mamm |    10 |       |       ||    10
       Call Imp          |     8 |    10 |    38 ||    56
       Call Canine Famil |     1 |    12 |    33 ||    46
       Summon Ice Beast  |       |       |    40 ||    40
Invok: Channel Energy    |       |       |    98 ||    98
 Abil: Evoke Teleportati |       |       |     1 ||     1
Evoke: Wand              |       |     2 |       ||     2
  Use: Potion            |     3 |     3 |    19 ||    25
       Scroll            |       |    10 |    18 ||    28
 Stab: Sleeping          |     7 |     8 |     4 ||    19
       Invisible         |     1 |       |       ||     1
       Distracted        |       |     2 |     3 ||     5
  Eat: Corpse            |    23 |    16 |    40 ||    79
